 Dungeon Crawl Stone Soup version 0.25.1-2-g60ff931df9 (webtiles) character file.

Game seed: 418421479273523668

12979 Peloso the Carver (level 11, -1/99 HPs)
             Began as a Minotaur Fighter on Aug 7, 2020.
             Was a High Priest of Okawaru.
             Killed from afar by a wretched star (6 damage)
             ... with a lance of force
             ... on level 1 of the Abyss.
             The game lasted 00:19:22 (11427 turns).

Peloso the Carver (Minotaur Fighter)               Turns: 11427, Time: 00:19:23

Health: -1/99      AC: 18    Str: 22    XL:     11   Next: 69%
Magic:  11/11      EV:  7    Int:  7    God:    Okawaru [*****.]
Gold:   225        SH: 12    Dex: 10    Spells: 10/10 levels left

rFire    + . .     SeeInvis +   a - +8 scimitar "Daogelesk" {vorpal, *Rage +Fly rElec SInv}
rCold    . . .     Gourm    .   c - +0 kite shield
rNeg     + . .     Faith    .   x - +0 plate armour
rPois    .         Spirit   .   g - +0 hat of Hedging {rF+ Int+4}
rElec    +         Reflect  .   (no cloak)
rCorr    +         Harm     .   (no gloves)
MR       .....     Rnd*Rage +   A - +2 pair of boots of Ponoacez {rN+ rCorr}
Stlth    ..........             (no amulet)
HPRegen  0.00/turn              F - ring of resist corrosion
MPRegen  0.12/turn              (no ring)

@: about to teleport, non-regenerating, mildly diseased, hasted, very quick
A: retaliatory headbutt, horns 2, berserk 1, clumsy 1, dopey 1, subdued magic 1
a: Heroism, Finesse, Renounce Religion, Evoke Flight


You were on level 1 of the Abyss.
You worshipped Okawaru.
Okawaru was extremely pleased with you.
You were very hungry.

You visited 1 branch of the dungeon, and saw 10 of its levels.
You visited the Abyss 1 time.

You collected 424 gold pieces.
You spent 199 gold pieces at shops.

Inventory:

Hand Weapons
 a - the +8 scimitar "Daogelesk" (weapon) {vorpal, *Rage +Fly rElec SInv}
   (Okawaru gifted it to you on level 9 of the Dungeon)

   It inflicts extra damage upon your enemies.
   It insulates you from electricity.
   It lets you see invisible.
   It lets you fly.
   It may make you go berserk in combat.
 b - a +4 scimitar of flaming
Missiles
 B - 57 bolts
Armour
 c - a +0 kite shield (worn)
 g - the +0 hat of Hedging (worn) {rF+ Int+4}
   (Okawaru gifted it to you on level 1 of the Abyss)

   It affects your intelligence (+4).
   It protects you from fire.
 m - a +0 pair of boots
 s - a +0 chain mail
 x - a +0 plate armour (worn)
 A - the +2 pair of boots of Ponoacez (worn) {rN+ rCorr}
   (You bought it in a shop on level 7 of the Dungeon)

   It protects you from negative energy.
   It provides partial protection from all sources of acid and corrosion.
Jewellery
 F - a ring of resist corrosion (left hand)
Wands
 u - a wand of iceblast (18)
 v - a wand of random effects (22)
 y - a wand of flame (16)
Scrolls
 i - a scroll of blinking
 l - a scroll of holy word
 o - a scroll of teleportation
 p - a scroll of enchant weapon {unknown}
 q - 4 scrolls of enchant armour
 w - 2 scrolls of remove curse
 z - 2 scrolls of amnesia
 C - a scroll of magic mapping {unknown}
Potions
 d - 4 potions of might
 e - 2 potions of resistance
 h - a potion of magic
 j - 5 potions of invisibility
 k - a potion of ambrosia
 n - 6 potions of curing
 r - a potion of stabbing
 t - a potion of heal wounds
 D - 2 potions of flight
 E - a potion of haste
Comestibles
 f - 18 rations


   Skills:
 + Level 9.6 Fighting
 + Level 13.5 Long Blades
 + Level 11.4 Armour
 + Level 3.6 Dodging
 + Level 0.7 Stealth
 + Level 10.5 Shields
 + Level 1.3 Invocations
 + Level 0.5 Evocations


You had 10 spell levels left.
You didn't know any spells.
Your spell library contained the following spells:

 Spells                   Type           Power        Failure   Level  Hunger
 Animate Skeleton         Necr           N/A          100%        1    ##.....
 Apportation              Tloc           #.....       100%        1    ##.....
 Beastly Appendage        Tmut           #.....       100%        1    ##.....
 Corona                   Hex            #......      100%        1    ##.....
 Pain                     Necr           #...         100%        1    ##.....
 Summon Small Mammal      Summ           #...         100%        1    ##.....
 Ensorcelled Hibernation  Hex/Ice        #.....       100%        2    ###....
 Sticks to Snakes         Tmut           #.......     100%        2    ###....
 Confusing Touch          Hex            #.......     100%        3    ####...
 Dazzling Flash           Conj/Hex       #.....       100%        3    ####...
 Spider Form              Tmut/Pois      #.........   100%        3    ####...
 Tukima's Dance           Hex            #.......     100%        3    ####...
 Vampiric Draining        Necr           #.........   100%        3    ####...
 Animate Dead             Necr           N/A          100%        4    #####..
 Ice Form                 Ice/Tmut       #.......     100%        4    #####..
 Agony                    Necr           #.......     100%        5    ######.
 Blade Hands              Tmut           #.........   100%        5    ######.


Dungeon Overview and Level Annotations

Branches:
Dungeon (10/15)            Temple (0/1) D:5
   Lair: D:8-11         Orc: D:9-12

Altars:
Elyvilon
Fedhas
Hepliaklqana
Makhleb
Okawaru
Qazlal
Xom
Yredelemnul
Zin
The Shining One

Shops:
D:7 [   D:8 :

Annotations:
D:10 Psyche


Innate Abilities, Weirdness & Mutations

You reflexively headbutt those who attack you in melee.
You have a pair of horns on your head.
You tend to lose your temper in combat.
You are clumsy. (Dex -2)
You are dopey. (Int -2)
Your spells are a little easier to cast, but a little less powerful.


Message History

Unknown command.
You feel yourself speed up.
You are feeling very hungry.
You block the bone dragon's attack. x2; The bone dragon tramples you!
* * * LOW HITPOINT WARNING * * *
You stumble backwards!
A small abomination comes into view.
Unknown command.
An ancient zyme comes into view.
As you read the scroll of teleportation, it crumbles to dust.
You feel strangely unstable.
You feel the power of the Abyss delaying your translocation!
A quasit comes into view.
You feel like a meek peon again.
A wretched star comes into view.
You slice the wretched star!!
The wretched star is moderately damaged.
The wretched star glows turbulently.
The lance of force hits you.
You die...

#.# ...# ..... .
#... # .. # ..#...#
..#... .#.
###..#...
#....##.####......#
#..#..#.#.#.......
##...#..#....#.#.
#.....#.#...#....
.....#5##
x.#.##D..# ..ยง
#@*# #x.D# ...## #
#....##....... .
...### ... .....
.##.. #....#. #..
.. ...#...#. #.. #.
...##.#.##.### .#
#####...# ## #. .#.
. . ##..


You could see a wretched star and a quasit.

Vanquished Creatures
  Harold (D:9)
  Erica (D:9)
  A two-headed ogre (D:8)
  A centaur warrior (D:10)
  A thrashing horror (Abyss:1)
  Pikel (D:6)
  3 smoke demons (Abyss:1)
  A demonic crawler (Abyss:1)
  A hellwing (Abyss:1)
  An ancient zyme (Abyss:1)
  Prince Ribbit (D:6)
  A shadow (D:9)
  Sigmund (D:3)
  Eustachio (D:5)
  12 yaks
  A hungry ghost (D:9)
  2 neqoxecs (Abyss:1)
  A large abomination (Abyss:1)
  Menkaure (D:6)
  Edmund (D:5)
  2 orc warriors
  2 ice beasts
  3 slaves (D:6)
  A black bear (D:6)
  2 sky beasts
  An eye of draining (D:10)
  6 ogres
  3 phantoms
  2 centaurs
  A big kobold (D:9)
  Blork the orc (D:6)
  3 bullfrogs
  A gnoll sergeant (D:6)
  A scorpion (D:5)
  9 killer bees (D:9)
  3 electric eels (D:8)
  A small abomination (Abyss:1)
  6 crimson imps
  4 hounds
  2 quasits
  4 jellies
  A centaur zombie (D:6)
  8 orc priests
  2 bullfrog skeletons (D:4)
  7 orc wizards
  Jessica (D:2)
  4 iguanas
  9 worker ants
  Natasha (thrice) (D:3)
  A killer bee zombie (D:9)
  2 hound zombies
  Robin (D:2)
  A worker ant zombie (D:7)
  8 gnolls
  19 adders
  A shadow imp (D:9)
  3 adder skeletons
  2 adder zombies
  2 worms (D:2)
  2 dart slugs (D:1)
  5 leopard geckos
  26 orcs
  7 giant cockroaches
  10 hobgoblins
  9 jackals
  4 kobolds
  3 quokkas
  7 ball pythons
  8 bats
  2 frilled lizards
  16 goblins
  2 jackal skeletons
  6 rats
274 creatures vanquished.

Vanquished Creatures (others)
  A centaur (D:6)
  2 fungi (D:10)
  4 plants (D:10)
  2 starspawn tentacles (Abyss:1)
9 creatures vanquished.

Grand Total: 283 creatures vanquished

Notes
Turn   | Place    | Note
-------+----------+-------------------------------------------
     0 | D:1      | Peloso the Minotaur Fighter began the quest for the Orb.
     0 | D:1      | Reached XP level 1. HP: 19/19 MP: 0/0
   172 | D:1      | Reached skill level 3 in Long Blades
   172 | D:1      | Reached XP level 2. HP: 27/27 MP: 1/1
   501 | D:1      | Reached XP level 3. HP: 33/33 MP: 2/2
   764 | D:2      | Found a blossoming altar of Fedhas.
   799 | D:2      | Noticed Jessica
   804 | D:2      | Killed Jessica
   804 | D:2      | Reached XP level 4. HP: 40/41 MP: 3/3
   944 | D:2      | Found a glowing golden altar of the Shining One.
   946 | D:2      | Found a basalt altar of Yredelemnul.
   949 | D:2      | Found a hazy altar of Hepliaklqana.
   953 | D:2      | Found an iron altar of Okawaru.
   960 | D:2      | Became a worshipper of Warmaster Okawaru
  1072 | D:2      | Noticed Robin
  1089 | D:2      | Killed Robin
  1526 | D:2      | Reached XP level 5. HP: 42/47 MP: 4/4
  1659 | D:2      | Reached skill level 4 in Long Blades
  1804 | D:2      | Reached skill level 5 in Armour
  2187 | D:3      | Noticed Natasha
  2206 | D:3      | Killed Natasha
  2331 | D:3      | Found a shimmering altar of Xom.
  2441 | D:3      | Noticed Natasha
  2450 | D:3      | Killed Natasha
  2480 | D:3      | Noticed Sigmund
  2486 | D:3      | Killed Sigmund
  2486 | D:3      | Reached * piety under Okawaru
  2486 | D:3      | Reached skill level 5 in Fighting
  2486 | D:3      | Reached skill level 5 in Shields
  2486 | D:3      | Reached XP level 6. HP: 21/56 MP: 5/5
  2738 | D:3      | Noticed Natasha
  2741 | D:3      | Killed Natasha
  2741 | D:3      | Reached skill level 5 in Long Blades
  2875 | D:3      | Reached skill level 1 in Dodging
  3198 | D:3      | Reached XP level 7. HP: 61/61 MP: 6/6
  3210 | D:3      | Found a stormy altar of Qazlal.
  3303 | D:3      | You fall into a shaft and drop 2 floors!
  3303 | D:5      | Entered Level 5 of the Dungeon
  3445 | D:5      | Found a staircase to the Ecumenical Temple.
  3608 | D:5      | Noticed Edmund
  3618 | D:5      | Killed Edmund
  3618 | D:5      | Reached skill level 6 in Long Blades
  3715 | D:5      | Reached ** piety under Okawaru
  4033 | D:5      | You fall into a shaft and drop 1 floor!
  4070 | D:6      | Reached XP level 8. HP: 68/70 MP: 7/7
  4138 | D:6      | Noticed Pikel
  4152 | D:6      | Killed Pikel
  4152 | D:6      | Reached skill level 7 in Long Blades
  4338 | D:6      | Reached *** piety under Okawaru
  4563 | D:6      | Noticed Blork the orc
  4567 | D:6      | Killed Blork the orc
  4643 | D:6      | Reached skill level 8 in Long Blades
  4864 | D:6      | Noticed Prince Ribbit
  4892 | D:6      | Killed Prince Ribbit
  4892 | D:6      | Reached XP level 9. HP: 48/78 MP: 8/8
  5216 | D:6      | Reached skill level 9 in Long Blades
  5455 | D:6      | Noticed Menkaure
  5465 | D:6      | Killed Menkaure
  6008 | D:5      | Noticed Eustachio
  6021 | D:5      | Killed Eustachio
  6021 | D:5      | Reached skill level 1 in Invocations
  6094 | D:4      | Reached **** piety under Okawaru
  6934 | D:3      | Found a white marble altar of Elyvilon.
  7099 | D:7      | Found Ycziwe's Antique Armour Shop.
  7141 | D:7      | Reached skill level 10 in Long Blades
  7146 | D:7      | Bought a pair of twisted boots for 199 gold pieces
  7159 | D:7      | Identified the +2 pair of boots of Ponoacez {rN+ rCorr}
                  | (You bought it in a shop on level 7 of the Dungeon)
  7398 | D:7      | Found a stormy altar of Qazlal.
  7522 | D:7      | Found a burning altar of Makhleb.
  8253 | D:8      | Found Ducexes's Book Shoppe.
  8357 | D:8      | Reached XP level 10. HP: 50/86 MP: 9/9
  8762 | D:8      | Found a glowing silver altar of Zin.
  9011 | D:8      | Noticed a two-headed ogre
  9034 | D:8      | Killed a two-headed ogre
  9761 | D:9      | Reached ***** piety under Okawaru
  9763 | D:9      | Reached skill level 10 in Armour
  9791 | D:9      | Noticed Erica
  9816 | D:9      | Killed Erica
  9816 | D:9      | Reached skill level 11 in Long Blades
 10108 | D:9      | Noticed Harold
 10130 | D:9      | Killed Harold
 10236 | D:9      | Reached XP level 11. HP: 78/97 MP: 11/11
 10362 | D:9      | Reached skill level 12 in Long Blades
 10596 | D:9      | Received a gift from Okawaru
 10610 | D:9      | Got a scorched scimitar {god gift}
 10611 | D:9      | Identified the +8 scimitar "Daogelesk" {vorpal, *Rage +Fly
                  | rElec SInv} (Okawaru gifted it to you on level 9 of the
                  | Dungeon)
 10867 | D:10     | Entered Level 10 of the Dungeon
 10884 | D:10     | Noticed a centaur warrior
 10893 | D:10     | Killed a centaur warrior
 10903 | D:10     | Reached skill level 13 in Long Blades
 10908 | D:10     | Noticed Psyche
 10924 | D:10     | Cast into level 1 of the Abyss (Psyche)
 11151 | Abyss:1  | Noticed a tentacled starspawn
 11151 | Abyss:1  | Noticed a thrashing horror
 11166 | Abyss:1  | Killed a thrashing horror
 11166 | Abyss:1  | Reached skill level 10 in Shields
 11250 | Abyss:1  | Gained mutation: You are dopey. (Int -2) [a neqoxec]
 11358 | Abyss:1  | Gained mutation: Your spells are a little easier to cast,
                  | but a little less powerful. [a neqoxec]
 11359 | Abyss:1  | Gained mutation: You tend to lose your temper in combat. [a
                  | neqoxec]
 11360 | Abyss:1  | Gained mutation: You are clumsy. (Dex -2) [a neqoxec]
 11368 | Abyss:1  | Received a gift from Okawaru
 11371 | Abyss:1  | Got a faintly humming hat {god gift}
 11377 | Abyss:1  | Identified the +0 hat of Hedging {rF+ Int+4} (Okawaru
                  | gifted it to you on level 1 of the Abyss)
 11399 | Abyss:1  | Noticed a bone dragon
 11424 | Abyss:1  | Noticed a wretched star
 11427 | Abyss:1  | Killed from afar by a wretched star

Illustrated notes

Levels and vault maps discovered:
D:1:      saegor_arrival_simple_e, layout_basic
D:2:      layout_rooms, fedhas_altar_2, minitemple, st_stairs_5,
          minmay_snake_closets, uniq_robin, uniq_jessica
D:3:      layout_loops_ring, elyvilon_altar_3, lemuel_round_altar,
          old_standard_altar, first_ration, uniq_sigmund, uniq_natasha
D:4:      layout_basic, nrook_uturn
D:5:      layout_loops_ring, minmay_temple_entry_wispy, uniq_eustachio,
          uniq_edmund
D:6:      layout_loops_corners, uniq_menkaure, uniq_blork_the_orc,
          uniq_prince_ribbit1, uniq_pikel
D:7:      layout_rooms, lightli_temple_of_fire, serial_shops, shop,
          grunt_ministairs_11, nicolae_zen_rock_garden, grunt_qazlal_sundering
D:8:      layout_loops_ring, serial_shops, shop, basic_altar, serial_bayou,
          serial_bayou_pond_d, serial_bayou_ford_a, serial_bayou_pond_a,
          serial_bayou_crossing, grunt_ogre_cave, minmay_misc_feat_tiny,
          wad_floor_pattern_untrapped
D:9:      layout_roguey, serial_park_tiny_2, uniq_erica, uniq_harold
D:10:     layout_basic, minmay_lair_entry_grove, serial_shops, shop,
          chequers_serial_rivers_micro_b, uniq_psyche, uniq_gastronok
Abyss:1:  base: D:2, hangedman_cross_veins

Skill      XL: |  1  2  3  4  5  6  7  8  9 10 11 |
---------------+----------------------------------+-----
Long Blades    | 3 4 5 6 8 10 11 13 | 13.5
Shields        | 4 5 6 7 8 9 10 | 10.5
Fighting       | 4 5 6 7 9 |  9.6
Armour         | 4 5 6 7 9 10 11 | 11.4
Dodging        | 1 2 3 |  3.6
Invocations    | 1 |  1.3
Stealth        | |  0.7
Evocations     | |  0.5

Action                   |  1- 3 |  4- 6 |  7- 9 | 10-12 || total
-------------------------+-------+-------+-------+-------++-------
Melee: Long sword        |    58 |   155 |   227 |       ||   440
       Headbutt          |    11 |    36 |   106 |    70 ||   223
       Falchion          |       |       |   227 |   124 ||   351
       Scimitar          |       |       |       |   202 ||   202
Invok: Heroism           |       |       |     7 |     4 ||    11
Evoke: Wand              |       |       |     1 |     3 ||     4
  Use: Scroll            |     3 |     4 |     5 |     7 ||    19
       Potion            |       |     1 |     1 |     2 ||     4
  Eat: Chunk             |       |     7 |    18 |     7 ||    32
       Ration            |       |       |       |     1 ||     1
Armor: Scale mail        |    35 |    64 |       |       ||    99
       Chain mail        |       |     6 |    47 |       ||    53
       Plate armour      |       |       |   124 |   128 ||   252
Dodge: Dodged            |    22 |    52 |    89 |    61 ||   224
Block: Kite shield       |    41 |    88 |   230 |   156 ||   515
       Rpst.: Long sword |     6 |    12 |    18 |       ||    36
       Falchion          |       |       |    12 |     2 ||    14
       Scimitar          |       |       |       |    12 ||    12
